[Event "Titled Tuesday Blitz June 29 2021"]
[White "TeukkaSalama"]
[Black "rychessmaster1"]
[WhiteElo "2330"]
[BlackElo "2518"]
[Result "1/2-1/2"]
[Round "11"]
[TimeControl "180+1"]
[Date "2021.06.29"]
[WhiteClock "0:00:15"]
[BlackClock "0:00:20"]

1. d4 Nf6 2. Bf4 g6 3. e3 Bg7 4. Nf3 d6 5. h3 O-O 6. Be2 Nbd7 7. O-O Qe8 8. c4 e5 9. Bh2 a5 10. Nc3 c6 11. Qc2 Qe7 12. Rfd1 Re8 13. a3 exd4 14. Nxd4 Ne5 15. Rd2 Nfd7 16. Rad1 Nb6 17. b3 h5 18. Nf3 d5 19. cxd5 Nxd5 20. Nxd5 cxd5 21. Nxe5 Bxe5 22. Bxe5 Qxe5 23. Rxd5 Qe7 24. Bb5 Rf8 25. Bc4 Be6 26. Re5 Rac8 27. Qe4 Qf6 28. Bxe6 fxe6 29. f4 Rc6 30. Rd7 Rf7 31. Qd4 h4 32. Rd8+ Kg7 33. Rxa5 Qxd4 34. Rxd4 Rc3 35. Re4 Rd7 36. Rxe6 Rc2 37. Rg5 Rd1+ 38. Kh2 Rcc1 39. Rgxg6+ Kf7 40. Rgf6+ Kg7 41. Rg6+ Kf7 42. Rgf6+ Kg7 43. Rg6+ 1/2-1/2


[Site "https://www.chess.com"]

[Event "Titled Tuesday Blitz June 29 2021"]
[White "The_filthy"]
[Black "MariamiJaniashvili"]
[WhiteElo "2283"]
[BlackElo "2348"]
[Result "1-0"]
[Round "11"]
[TimeControl "180+1"]
[Date "2021.06.29"]
[WhiteClock "0:00:37"]
[BlackClock "0:00:17"]

1. e4 d5 2. exd5 Qxd5 3. Nc3 Qa5 4. Nf3 Nf6 5. Be2 Bg4 6. O-O Nc6 7. h3 Bh5 8. d3 O-O-O 9. Bd2 e6 10. a3 Qc5 11. b4 Qd6 12. Nb5 Qd7 13. a4 a6 14. Be3 Bxb4 15. Qb1 Ba5 16. Qb3 Nd5 17. Rfb1 b6 18. Nbd4 Nxe3 19. fxe3 Nxd4 20. exd4 Bxf3 21. Bxf3 Qxd4+ 22. Kh1 Kd7 23. c3 Qxc3 24. Qd1 Ke7 25. Rc1 Rxd3 26. Qf1 Qb3 27. Rxc7+ Rd7 28. Rxd7+ Kxd7 29. Rd1+ Ke7 30. Qf2 g6 31. Qh4+ Kf8 32. Qf6 b5 33. Qxh8+ Ke7 34. axb5 axb5 35. Qd4 Bc3 36. Qd8# 1-0


[Site "https://www.chess.com"]

[Event "Titled Tuesday Blitz June 29 2021"]
[White "TokChess"]
[Black "azikom"]
[WhiteElo "2468"]
[BlackElo "2677"]
[Result "0-1"]
[Round "11"]
[TimeControl "180+1"]
[Date "2021.06.29"]
[WhiteClock "0:00:09"]
[BlackClock "0:00:13"]

1. d4 d5 2. c4 e6 3. Nf3 Nf6 4. e3 a6 5. Nbd2 c5 6. cxd5 exd5 7. dxc5 Bxc5 8. Nb3 Bb6 9. Be2 O-O 10. O-O Nc6 11. Nbd4 Ne4 12. Bd2 f5 13. Rc1 Qd6 14. Qc2 Bd7 15. Rfd1 f4 16. Qb3 Nxd4 17. exd4 Rae8 18. Be1 Bg4 19. h3 Bh5 20. Bb4 Qe6 21. Bxf8 Nxf2 22. Re1 Nxh3+ 23. gxh3 Qxh3 24. Qxd5+ Bf7 25. Qg5 Rxf8 26. Qg2 Qh6 27. Bc4 Bxc4 28. Rxc4 Qf6 29. Qg4 h6 30. Kg2 Kh8 31. Re6 Qf7 32. Qg6 Qd7 33. Rc2 Ba7 34. Rce2 Bxd4 35. Re7 Qd5 36. Qe4 Qxe4 37. R2xe4 Bxb2 38. Rxb7 Bf6 39. Rxf4 Rc8 40. Re4 Rc2+ 41. Kg3 Rxa2 42. Ne5 Kh7 43. Ng4 Bc3 44. Ree7 a5 45. Ne3 Bf6 46. Rf7 Ra3 47. Kf2 Bd4 48. Rfe7 a4 49. Rbd7 Bc5 50. Re6 Rc3 51. Ke2 a3 52. Nf5 Rc2+ 53. Kd3 Rg2 54. Rc6 Bb4 55. Ra6 Rg5 56. Ke3 Rxf5 57. Raa7 Rg5 58. Ke4 Bf8 59. Kf4 Rg1 60. Rf7 a2 61. Ke3 a1=Q 62. Rxa1 Rxa1 63. Rxf8 Ra4 64. Kf3 h5 65. Kg3 Kh6 66. Rb8 Ra3+ 67. Kh2 g6 68. Rb7 h4 69. Kg2 Kh5 70. Rh7+ Kg4 71. Rb7 Ra2+ 72. Kg1 g5 73. Rb3 h3 74. Kh1 Kh4 75. Kg1 g4 76. Rb8 Ra1+ 77. Kf2 g3+ 78. Kf3 Rf1+ 79. Ke2 g2 80. Rh8+ Kg3 81. Rg8+ Kh2 82. Rh8 g1=Q 0-1


[Site "https://www.chess.com"]

[Event "Titled Tuesday Blitz June 29 2021"]
[White "WisdomGame"]
[Black "kingofthenil"]
[WhiteElo "2318"]
[BlackElo "2627"]
[Result "0-1"]
[Round "11"]
[TimeControl "180+1"]
[Date "2021.06.29"]
[WhiteClock "0:01:00"]
[BlackClock "0:01:49"]

1. e4 Nc6 2. d4 d5 3. e5 Bf5 4. Nf3 e6 5. Bb5 Ne7 6. c3 f6 7. exf6 gxf6 8. Nh4 Bg6 9. Nxg6 hxg6 10. Qg4 Qd7 11. Qf3 Bg7 12. Nd2 a6 13. Nb3 axb5 14. Nc5 Qc8 15. Qe2 Kf7 16. O-O b6 17. Nd3 e5 18. dxe5 fxe5 19. Bg5 Qf5 20. f4 e4 21. Ne5+ Kg8 22. g4 Qe6 23. Nxc6 Nxc6 24. f5 gxf5 25. gxf5 Qe5 26. Qg4 Kf7 27. Rf2 Rag8 28. h4 Bf6 29. Rd1 Rxh4 30. Qxh4 Rxg5+ 31. Kh1 Rg1+ 32. Rxg1 Bxh4 33. Rh2 Bf6 34. Rh7+ Kf8 35. Rh5 e3 36. c4 Qe4+ 37. Kh2 Qf4+ 38. Rg3 Be5 39. Rg5 Qxg5 40. Kg2 Qxg3+ 41. Kf1 Qf2# 0-1


[Site "https://www.chess.com"]

[Event "Titled Tuesday Blitz June 29 2021"]
[White "Witik"]
[Black "muchojogo"]
[WhiteElo "2658"]
[BlackElo "2514"]
[Result "1-0"]
[Round "11"]
[TimeControl "180+1"]
[Date "2021.06.29"]
[WhiteClock "0:01:06"]
[BlackClock "0:00:31"]

1. e4 c5 2. Nf3 d6 3. d4 cxd4 4. Nxd4 Nf6 5. Nc3 g6 6. Be2 Bg7 7. O-O O-O 8. Re1 Nc6 9. Nb3 Be6 10. Bg5 Na5 11. Bf1 Rc8 12. Nd5 Bxd5 13. exd5 Nc4 14. Rb1 Re8 15. c3 Qd7 16. h3 Nb6 17. Nd4 Nbxd5 18. Bb5 Qc7 19. Bxe8 Rxe8 20. Qb3 a6 21. Rbd1 Nb6 22. a4 Nc4 23. Qc2 e6 24. b3 Nb6 25. c4 Nbd7 26. Nf3 d5 27. Rc1 Rc8 28. Qe2 Qb6 29. cxd5 Rxc1 30. Rxc1 Nxd5 31. Rc8+ Bf8 32. Bh6 Qxb3 33. Qe5 Qd1+ 34. Kh2 1-0


[Site "https://www.chess.com"]

[Event "Titled Tuesday Blitz June 29 2021"]
[White "XiaoKangZhong"]
[Black "Indianlad"]
[WhiteElo "2503"]
[BlackElo "2913"]
[Result "0-1"]
[Round "11"]
[TimeControl "180+1"]
[Date "2021.06.29"]
[WhiteClock "0:01:06"]
[BlackClock "0:02:34"]

1. e4 g6 2. d4 Bg7 3. Nc3 Nc6 4. Nf3 d6 5. h3 Nf6 6. Be2 O-O 7. O-O e5 8. Be3 exd4 9. Nxd4 Re8 10. f3 d5 11. Nxc6 bxc6 12. Bg5 h6 13. Bxf6 Qxf6 14. exd5 Rb8 15. dxc6 Rxb2 16. Ne4 Qxc6 17. Bd3 f5 18. Nf2 Qc5 19. Re1 Rxe1+ 20. Qxe1 Kh7 21. h4 Rb6 22. Rb1 Re6 23. Qf1 Bd4 24. Re1 Bxf2+ 0-1


[Site "https://www.chess.com"]

[Event "Titled Tuesday Blitz June 29 2021"]
[White "alejogarcia1999"]
[Black "nikitadovbnya2008"]
[WhiteElo "2481"]
[BlackElo "2328"]
[Result "0-1"]
[Round "11"]
[TimeControl "180+1"]
[Date "2021.06.29"]
[WhiteClock "0:00:49"]
[BlackClock "0:01:20"]

1. Nf3 d5 2. g3 Nf6 3. Bg2 e6 4. O-O Be7 5. c4 O-O 6. cxd5 exd5 7. d3 c6 8. Nc3 Re8 9. e4 dxe4 10. dxe4 Qxd1 11. Rxd1 Bg4 12. h3 Bh5 13. Be3 Bb4 14. g4 Bg6 15. Nh4 Bxc3 16. Nxg6 Bxb2 17. Rab1 hxg6 18. Rxb2 b6 19. g5 Nfd7 20. f4 Nf8 21. e5 Ne6 22. Rd6 Rd8 23. Rbd2 Na6 24. Bxc6 Rab8 25. Rd7 Rxd7 26. Rxd7 Nac7 27. Bc1 Rd8 28. Kf2 Rxd7 29. Bxd7 Nc5 30. Bc6 Nd3+ 31. Ke3 Nxc1 32. a4 Nb3 33. Kd3 Nc5+ 34. Kc4 N5e6 35. Be4 Nxf4 36. h4 Nfe6 37. Kb4 Nc5 38. Bc2 Nd5+ 39. Kc4 Ne3+ 0-1


[Site "https://www.chess.com"]

[Event "Titled Tuesday Blitz June 29 2021"]
[White "amatatanav"]
[Black "mr65"]
[WhiteElo "2444"]
[BlackElo "2192"]
[Result "1-0"]
[Round "11"]
[TimeControl "180+1"]
[Date "2021.06.29"]
[WhiteClock "0:00:07"]
[BlackClock "0:00:41"]

1. e4 e5 2. Bc4 Nc6 3. Nc3 Nf6 4. d3 Bb4 5. Ne2 d5 6. exd5 Nxd5 7. O-O Be6 8. Bb5 Qd7 9. d4 Bxc3 10. bxc3 a6 11. Bxc6 Qxc6 12. dxe5 Nxc3 13. Nxc3 Qxc3 14. Bf4 Rd8 15. Qe2 Bc4 16. Qg4 Bxf1 17. Qxg7 Qxa1 18. Qxh8+ Kd7 19. e6+ Kc8 20. Qxa1 Bc4 21. e7 Re8 22. Bg5 Be6 23. Qd1 Bd7 24. h3 h6 25. Bf6 Rg8 26. Kh2 b6 27. Qf3 Kb8 28. Qd5 Be8 29. Qd8+ Kb7 30. Be5 Kc6 31. Qxc7+ Kb5 32. a4+ Kxa4 33. Qc4+ Ka3 34. Qb3# 1-0


[Site "https://www.chess.com"]

[Event "Titled Tuesday Blitz June 29 2021"]
[White "arminmusovic"]
[Black "DeTimmerman"]
[WhiteElo "2545"]
[BlackElo "2777"]
[Result "1-0"]
[Round "11"]
[TimeControl "180+1"]
[Date "2021.06.29"]
[WhiteClock "0:01:12"]
[BlackClock "0:00:19"]

1. e4 e5 2. Nf3 Nc6 3. Nc3 Nf6 4. Bb5 Nd4 5. Nxd4 exd4 6. e5 dxc3 7. exf6 Qxf6 8. dxc3 Qe5+ 9. Be2 Bd6 10. g3 O-O 11. Bf4 Qe4 12. Rg1 Bxf4 13. gxf4 Qxf4 14. Rg4 Qf6 15. Qd2 d6 16. Rf4 Qh6 17. O-O-O Be6 18. Rg1 Rae8 19. Bd3 Kh8 20. b3 Bd7 21. Kb2 Re5 22. h4 f6 23. f3 Bf5 24. Bf1 Bg6 25. Qh2 Rfe8 26. Rb4 b6 27. Rbg4 a5 28. a4 f5 29. Rg5 R5e7 30. h5 Re1 31. Bb5 R8e5 32. f4 Re7 33. Qh4 Be8 34. Rxe1 1-0


[Site "https://www.chess.com"]

[Event "Titled Tuesday Blitz June 29 2021"]
[White "bibliotecamunicipal"]
[Black "UKR_Master"]
[WhiteElo "2389"]
[BlackElo "2531"]
[Result "0-1"]
[Round "11"]
[TimeControl "180+1"]
[Date "2021.06.29"]
[WhiteClock "0:01:54"]
[BlackClock "0:01:20"]

1. c4 e5 2. Nc3 Nf6 3. Nf3 Nc6 4. e4 Bc5 5. Nxe5 Nxe5 6. d4 Bb4 7. dxe5 Nxe4 8. Qg4 Nxc3 9. a3 Bf8 10. bxc3 d6 11. Qe4 dxe5 12. Be2 Qf6 13. O-O c6 14. f4 Bd6 15. Be3 O-O 16. Bd3 g6 17. c5 Bc7 18. Rae1 Bf5 19. fxe5 Bxe4 20. exf6 Bxd3 0-1


[Site "https://www.chess.com"]

[Event "Titled Tuesday Blitz June 29 2021"]
[White "chessmachine14"]
[Black "eightbyeightchess"]
[WhiteElo "2305"]
[BlackElo "2391"]
[Result "1-0"]
[Round "11"]
[TimeControl "180+1"]
[Date "2021.06.29"]
[WhiteClock "0:01:27"]
[BlackClock "0:01:41"]

1. e4 e6 2. d3 d5 3. Nd2 dxe4 4. dxe4 Nf6 5. Ngf3 b6 6. e5 Nd5 7. g3 Bb7 8. Bg2 Be7 9. O-O O-O 10. Re1 Nd7 11. Nf1 f6 12. exf6 Rxf6 13. Bg5 Rf5 14. Bxe7 Qxe7 15. Nd4 Re5 16. Rxe5 Nxe5 17. Qe2 Qf6 18. Re1 Rf8 19. f4 Nxf4 20. gxf4 Qxf4 21. Nxe6 1-0


[Site "https://www.chess.com"]

[Event "Titled Tuesday Blitz June 29 2021"]
[White "cstevens1"]
[Black "tteshan"]
[WhiteElo "2496"]
[BlackElo "2372"]
[Result "1-0"]
[Round "11"]
[TimeControl "180+1"]
[Date "2021.06.29"]
[WhiteClock "0:01:27"]
[BlackClock "0:00:38"]

1. e4 c5 2. Nf3 d6 3. d4 cxd4 4. Nxd4 Nf6 5. f3 g6 6. c4 Bg7 7. Nc3 O-O 8. Be3 Nc6 9. Qd2 Bd7 10. Rc1 Rc8 11. Be2 a6 12. O-O Nxd4 13. Bxd4 Qa5 14. b3 b5 15. Rfd1 bxc4 16. Bxc4 Qh5 17. Bxa6 Rc7 18. Bxf6 Bxf6 19. Nd5 Bg5 20. f4 Rxc1 21. Rxc1 Bh6 22. Nxe7+ Kh8 23. Qxd6 Be6 24. Rf1 Re8 25. f5 Be3+ 26. Kh1 gxf5 27. Qe5+ 1-0


[Site "https://www.chess.com"]

[Event "Titled Tuesday Blitz June 29 2021"]
[White "dmitrijiIM"]
[Black "TheBigBoss04"]
[WhiteElo "2630"]
[BlackElo "2780"]
[Result "0-1"]
[Round "11"]
[TimeControl "180+1"]
[Date "2021.06.29"]
[WhiteClock "0:00:01"]
[BlackClock "0:00:30"]

1. e4 g6 2. d4 Bg7 3. Nc3 c6 4. Nf3 d5 5. h3 dxe4 6. Nxe4 Nf6 7. Bd3 O-O 8. Qe2 Nxe4 9. Bxe4 Nd7 10. O-O Qc7 11. Re1 e5 12. dxe5 Nxe5 13. Bf4 Nxf3+ 14. Qxf3 Qb6 15. Rab1 Be6 16. b3 Rad8 17. a4 Qb4 18. Bd3 Rd7 19. Be3 Rfd8 20. Qf4 Bc3 21. Qxb4 Bxb4 22. Red1 a5 23. Bb6 Re8 24. Kf1 Bd5 25. c4 Be6 26. Bc2 Ree7 27. Rxd7 Rxd7 28. Rd1 Rxd1+ 29. Bxd1 Bf5 30. Ke2 Kf8 31. Be3 Ke7 32. Bd2 Bxd2 33. Kxd2 Kd6 34. Bc2 Be6 35. Kc3 Kc5 36. Be4 h6 37. Bd3 g5 38. Be4 f5 39. Bd3 f4 40. Be4 h5 41. Bf3 g4 42. hxg4 hxg4 43. Be4 g3 44. fxg3 fxg3 45. Bh7 Bg4 46. Be4 Be2 47. Kd2 Bg4 48. Ke3 Kb4 49. Kf4 Bd1 50. Kxg3 Kxb3 51. Kf4 Kxa4 52. g4 Kb4 53. g5 Bh5 54. Bf3 Bf7 55. Ke5 a4 56. Kf6 Bxc4 57. g6 a3 58. g7 a2 0-1


[Site "https://www.chess.com"]

[Event "Titled Tuesday Blitz June 29 2021"]
[White "elcandado"]
[Black "saraswathii"]
[WhiteElo "2593"]
[BlackElo "2405"]
[Result "1-0"]
[Round "11"]
[TimeControl "180+1"]
[Date "2021.06.29"]
[WhiteClock "0:00:19"]
[BlackClock "0:00:31"]

1. d4 g6 2. e4 Bg7 3. Be3 e6 4. c3 d5 5. e5 c5 6. h4 h5 7. Nf3 Nc6 8. Bd3 Nge7 9. Nbd2 O-O 10. Nf1 Nf5 11. Qd2 cxd4 12. cxd4 Bd7 13. Bxf5 exf5 14. Ng3 Qa5 15. Ne2 Qxd2+ 16. Kxd2 Rac8 17. Rhc1 f6 18. exf6 Bxf6 19. Nf4 Kg7 20. Nxd5 Be6 21. Nxf6 Kxf6 22. Rc3 Bd5 23. Rac1 Kg7 24. Bf4 Rfd8 25. Ke3 Bxf3 26. gxf3 Re8+ 27. Be5+ Nxe5 28. Rxc8 Nc4+ 29. Kd3 Rxc8 30. Rxc4 Rxc4 31. Kxc4 g5 32. Kd3 gxh4 33. Ke2 Kf6 34. Kf1 Ke6 35. Kg2 Kd5 36. Kh3 Kxd4 37. Kxh4 Kd3 38. Kxh5 Ke2 39. f4 Kxf2 40. Kg5 Ke3 41. Kxf5 1-0


[Site "https://www.chess.com"]

[Event "Titled Tuesday Blitz June 29 2021"]
[White "ellennilssen"]
[Black "Kcnock2004"]
[WhiteElo "2287"]
[BlackElo "2458"]
[Result "0-1"]
[Round "11"]
[TimeControl "180+1"]
[Date "2021.06.29"]
[WhiteClock "0:00:16"]
[BlackClock "0:00:42"]

1. Nf3 Nf6 2. c4 e6 3. d4 c5 4. d5 exd5 5. cxd5 d6 6. Nc3 g6 7. e4 Bg7 8. h3 O-O 9. Bd3 Re8 10. O-O Nbd7 11. Bg5 Ne5 12. Nxe5 Rxe5 13. Bf4 Nh5 14. Bxe5 Bxe5 15. Be2 Nf4 16. Bg4 Qg5 17. Qf3 f5 18. exf5 gxf5 19. g3 fxg4 20. gxf4 gxf3+ 21. fxg5 Bxh3 22. Rfe1 Kf7 23. Rxe5 dxe5 24. Re1 Re8 25. Ne4 Rg8 26. Kh2 Bg2 27. Nd6+ Ke7 28. Nxb7 Rxg5 29. Nxc5 h5 30. Nd3 Kd6 31. Nb4 Rg4 32. Rc1 Rh4+ 33. Kg3 Rh3# 0-1


[Site "https://www.chess.com"]

[Event "Titled Tuesday Blitz June 29 2021"]
[White "erichansen"]
[Black "AlexOstrovskiy"]
[WhiteElo "2926"]
[BlackElo "2801"]
[Result "0-1"]
[Round "11"]
[TimeControl "180+1"]
[Date "2021.06.29"]
[WhiteClock "0:00:03"]
[BlackClock "0:00:11"]

1. b3 d5 2. Bb2 Bf5 3. Nf3 e6 4. e3 Nf6 5. Nh4 Bg4 6. Be2 Bxe2 7. Qxe2 Be7 8. g4 h6 9. Rg1 c6 10. Nf3 Nbd7 11. h4 Qa5 12. g5 hxg5 13. hxg5 Ne4 14. Nc3 O-O-O 15. g6 f5 16. Nd4 Bf6 17. O-O-O Nxc3 18. dxc3 Qxa2 19. Nxe6 Rde8 20. Nf4 Nc5 21. Rh1 Rhf8 22. Rd4 Bxd4 23. cxd4 Ne6 24. Nd3 Qa5 25. Rh7 f4 26. Kb1 fxe3 27. Qxe3 Nf4 28. Ne5 Ne6 29. Bc3 Qd8 30. Kb2 Qf6 31. Rh2 Qf4 32. Qh3 Kc7 33. Rg2 Qf5 34. Qe3 Nf4 35. Rg3 Re6 36. Qd2 Nxg6 37. Rf3 Qh5 38. Rg3 Nxe5 39. dxe5 Qf7 40. Qd4 b6 41. Qa4 Kb7 42. f4 g6 43. Rg4 Qe7 44. Qa3 Qxa3+ 45. Kxa3 c5 46. Kb2 d4 47. Bd2 Kc6 48. c4 dxc3+ 49. Kxc3 Kd5 50. Kd3 b5 51. Be3 c4+ 52. bxc4+ bxc4+ 53. Kc2 Rf7 54. Bc1 Ke4 55. Rg1 Kd5 56. Rd1+ Ke4 57. Kc3 Rc7 58. Rd4+ Kf5 59. Rd8 Ra6 60. Kd4 Ra1 61. Rf8+ Kg4 62. Be3 Rd1+ 63. Ke4 c3 64. Rg8 Rc6 65. f5 c2 66. Rxg6+ Rxg6 67. fxg6 Re1 68. g7 Rxe3+ 69. Kxe3 c1=Q+ 70. Ke4 Qg5 71. e6 Qxg7 0-1


[Site "https://www.chess.com"]

[Event "Titled Tuesday Blitz June 29 2021"]
[White "esrosenberg"]
[Black "ShahMatKanal"]
[WhiteElo "2380"]
[BlackElo "2519"]
[Result "0-1"]
[Round "11"]
[TimeControl "180+1"]
[Date "2021.06.29"]
[WhiteClock "0:00:04"]
[BlackClock "0:00:10"]

1. Nf3 Nf6 2. c4 c5 3. d4 d5 4. cxd5 cxd4 5. Qa4+ Qd7 6. Qxd4 Qxd5 7. Nc3 Qxd4 8. Nxd4 a6 9. e4 e5 10. Nf3 Nc6 11. Bc4 Bb4 12. O-O O-O 13. Bd5 Bxc3 14. bxc3 h6 15. Rb1 Nxd5 16. exd5 Na5 17. Nxe5 Bf5 18. Rb4 Rac8 19. Bd2 Rc5 20. Rd4 Rd8 21. c4 f6 22. Nf3 Nxc4 23. Rc1 b5 24. a4 Rcxd5 25. Rxd5 Rxd5 26. Be3 Nxe3 27. fxe3 bxa4 28. Nd4 Bd3 29. Ra1 Bb5 30. Kf2 Rc5 31. Ne6 Rc2+ 32. Kf3 Bc6+ 33. Kf4 Rxg2 34. Nd4 Bb5 35. Kf3 Rxh2 36. Nf5 g6 37. Ne7+ Kf7 38. Nc8 h5 39. Nd6+ Ke6 40. Ne8 h4 41. Nc7+ Ke5 42. e4 g5 43. Kg4 Be2# 0-1


[Site "https://www.chess.com"]

[Event "Titled Tuesday Blitz June 29 2021"]
[White "exoticprincess"]
[Black "Duhless"]
[WhiteElo "2886"]
[BlackElo "3079"]
[Result "1-0"]
[Round "11"]
[TimeControl "180+1"]
[Date "2021.06.29"]
[WhiteClock "0:01:33"]
[BlackClock "0:00:02"]

1. e4 e5 2. Nf3 Nc6 3. d4 exd4 4. Nxd4 Nf6 5. Nxc6 bxc6 6. Bd3 d5 7. exd5 cxd5 8. O-O Be7 9. Re1 O-O 10. h3 c5 11. b3 a5 12. Nd2 a4 13. Nf3 Ne4 14. Bb2 a3 15. Be5 f5 16. c4 d4 17. Rxe4 fxe4 18. Bxe4 Bf5 19. Bd5+ Kh8 20. Bxa8 Qxa8 21. Qe2 Re8 22. Re1 Bf6 23. Qd2 Bxe5 24. Nxe5 Kg8 25. g4 Bg6 26. f4 Be4 27. Kh2 Bb7 28. Kg3 Qd8 29. Nd3 h5 30. Nxc5 Bc6 31. gxh5 Re7 32. Rxe7 Qxe7 33. Qxd4 Qe1+ 34. Qf2 Qc3+ 35. Kg4 Qb2 36. Nd3 Qb1 37. Ne5 Be4 38. Qd4 1-0


[Site "https://www.chess.com"]

[Event "Titled Tuesday Blitz June 29 2021"]
[White "harlem4brew"]
[Black "bazar-wokzal"]
[WhiteElo "2420"]
[BlackElo "2544"]
[Result "0-1"]
[Round "11"]
[TimeControl "180+1"]
[Date "2021.06.29"]
[WhiteClock "0:00:34"]
[BlackClock "0:00:16"]

1. e4 c5 2. Nf3 d6 3. d4 cxd4 4. Nxd4 Nf6 5. Nc3 g6 6. Bd3 Bg7 7. O-O O-O 8. Kh1 Nc6 9. Nb3 Be6 10. f4 Nb4 11. Nd4 Nxd3 12. Nxe6 fxe6 13. Qxd3 Rc8 14. Be3 a6 15. Bd4 Qa5 16. a4 Nh5 17. Bxg7 Kxg7 18. Qd4+ Kg8 19. e5 Qc5 20. Qe4 d5 21. Qe2 Rxf4 22. Rxf4 Nxf4 23. Qg4 d4 24. Qxf4 dxc3 25. b4 Qc4 26. Qf3 Rf8 27. Qd1 Qxb4 28. Qd7 Rf2 29. Qxe6+ Kg7 30. h3 Kh6 31. Ra2 Qe4 32. Qg4 Qxg4 33. hxg4 Kg5 34. Kg1 Rd2 35. Kf1 Kxg4 36. a5 Kg3 37. Ra3 Rxc2 38. Ke1 Rc1+ 39. Ke2 Kxg2 40. Kd3 h5 41. Rxc3 Rxc3+ 42. Kxc3 h4 43. Kd4 h3 44. Kc5 h2 45. Kb6 h1=Q 46. e6 Kg3 47. Ka7 Qe4 48. Kb8 Qxe6 49. Kc7 Qd5 50. Kb8 Qxa5 51. Ka7 Qb5 52. Ka8 a5 53. Kb8 a4 54. Kc8 a3 55. Kd8 a2 56. Kxe7 a1=Q 57. Kf8 g5 58. Kg8 g4 59. Kh7 Kf3 60. Kg6 g3 61. Kf7 g2 62. Ke6 g1=Q 63. Kd6 Qd3+ 64. Ke7 b5 65. Ke6 b4 66. Kf7 b3 67. Ke7 b2 68. Ke6 b1=Q 69. Ke7 Qe4+ 70. Kd6 Qbd1+ 71. Kc7 Qc5+ 72. Kb8 Qb3# 0-1


[Site "https://www.chess.com"]

[Event "Titled Tuesday Blitz June 29 2021"]
[White "iceboy88"]
[Black "QuakeAOS"]
[WhiteElo "2506"]
[BlackElo "2657"]
[Result "0-1"]
[Round "11"]
[TimeControl "180+1"]
[Date "2021.06.29"]
[WhiteClock "0:00:16"]
[BlackClock "0:02:03"]

1. d4 Nf6 2. c4 g6 3. Nc3 Bg7 4. e4 d6 5. h3 O-O 6. Be3 Na6 7. Nf3 e5 8. d5 Nc5 9. Nd2 a5 10. b3 c6 11. a3 cxd5 12. cxd5 Bd7 13. b4 axb4 14. axb4 Na6 15. Qb1 Nh5 16. Bd3 f5 17. exf5 gxf5 18. g4 e4 19. Bxa6 Bxc3 20. gxh5 f4 21. Ra3 fxe3 22. Rxc3 exd2+ 23. Kd1 Rxa6 24. Rg3+ Kh8 25. Rhg1 Qf6 26. Kxd2 Qxf2+ 27. Kd1 Ba4+ 28. Kc1 Rc8+ 0-1


[Site "https://www.chess.com"]

[Event "Titled Tuesday Blitz June 29 2021"]
[White "ikhasu"]
[Black "SergioGarciaFuentes"]
[WhiteElo "2485"]
[BlackElo "2342"]
[Result "1-0"]
[Round "11"]
[TimeControl "180+1"]
[Date "2021.06.29"]
[WhiteClock "0:00:38"]
[BlackClock "0:00:01"]

1. d4 d5 2. Bf4 c6 3. Nf3 Qb6 4. b3 Nf6 5. e3 Ne4 6. Bd3 Bf5 7. O-O e6 8. Nh4 Bg6 9. f3 Nf6 10. Nxg6 hxg6 11. c3 Nbd7 12. Nd2 Ba3 13. b4 Bb2 14. Rb1 Bxc3 15. Nb3 e5 16. dxe5 Bxe5 17. Bxe5 Qxe3+ 18. Kh1 Nxe5 19. Re1 Qf4 20. h3 O-O-O 21. b5 Qg3 22. Bf1 Rxh3+ 23. gxh3 Nxf3 24. Qxf3 Qxf3+ 25. Bg2 Qg3 26. bxc6 bxc6 27. Na5 Re8 28. Rxe8+ Nxe8 29. Nxc6 Qc7 30. Bxd5 Nf6 31. Bg2 Kd7 32. Nxa7 Qxa7 33. Rb7+ Qxb7 34. Bxb7 Ne8 35. Kg2 Kc7 36. Bd5 f6 37. Bf7 Nd6 38. Bxg6 1-0


[Site "https://www.chess.com"]

[Event "Titled Tuesday Blitz June 29 2021"]
[White "kai_nov"]
[Black "Isajevsky_Anton"]
[WhiteElo "2292"]
[BlackElo "2521"]
[Result "1-0"]
[Round "11"]
[TimeControl "180+1"]
[Date "2021.06.29"]
[WhiteClock "0:00:08"]
[BlackClock "0:00:19"]

1. d4 d5 2. c4 e6 3. Nc3 a6 4. cxd5 exd5 5. Nf3 h6 6. Qb3 c6 7. e4 Nf6 8. e5 Ne4 9. Bd3 Ng5 10. Nxg5 hxg5 11. O-O g4 12. Bf4 Be7 13. f3 g6 14. fxg4 Bxg4 15. Qxb7 Nd7 16. Qxc6 Be6 17. Bxg6 Qb6 18. Qxb6 Nxb6 19. Bd3 Kd7 20. Rac1 Rhc8 21. h3 Nc4 22. Na4 Rab8 23. b3 Nb6 24. Nxb6+ Rxb6 25. Rxc8 Kxc8 26. Rc1+ Kd7 27. Kf2 a5 28. Bd2 a4 29. bxa4 Rb2 30. Ke1 Bh4+ 31. Kd1 Rxa2 32. Rc2 Ra1+ 33. Ke2 Bd8 34. Bb5+ Ke7 35. Bb4# 1-0


[Site "https://www.chess.com"]

[Event "Titled Tuesday Blitz June 29 2021"]
[White "karinachess1"]
[Black "OlegKrivonosov"]
[WhiteElo "2546"]
[BlackElo "2719"]
[Result "1/2-1/2"]
[Round "11"]
[TimeControl "180+1"]
[Date "2021.06.29"]
[WhiteClock "0:00:34"]
[BlackClock "0:00:59"]

1. c4 e6 2. Nf3 d5 3. e3 Nf6 4. Nc3 c5 5. cxd5 exd5 6. d4 Nc6 7. Be2 cxd4 8. Nxd4 Bd6 9. O-O O-O 10. b3 Nxd4 11. Qxd4 Re8 12. Bb2 Be5 13. Qh4 Ne4 14. Qxd8 Rxd8 15. Nxe4 Bxb2 16. Rad1 Be6 17. Nc5 b6 18. Nxe6 fxe6 19. Rd2 Ba3 20. Ba6 Rd6 21. Rc2 Rad8 22. Rd1 Kf7 23. Bb5 d4 24. Rc7+ Kf6 25. exd4 Rxd4 26. Rxd4 Rxd4 27. Rd7 Rxd7 28. Bxd7 Ke5 29. Kf1 Kd6 30. Bc8 Kd5 31. Ke2 e5 32. Kd3 e4+ 33. Ke2 Kd4 34. Bb7 h6 35. h3 Bd6 36. Bc6 Bf4 37. Bb7 Bg5 38. Bc6 a5 39. Bb7 Bf6 40. Bc6 Be7 41. a4 Bb4 42. Bb7 Bc3 43. Bc6 Bb2 44. Bb7 Bc1 45. Bc6 Bg5 46. Bb7 e3 47. fxe3+ Bxe3 48. Bc8 Bg5 49. Be6 Bf6 50. Bc4 Ke4 51. Bf7 Kf4 52. Bd5 Bd4 53. Be6 Bc5 54. Bd5 Kf5 55. Kf3 Ke5 56. Bg8 Kd4 57. Bc4 Kc3 58. Bg8 Kd2 59. Bf7 Bd4 60. Bg8 Kc3 61. Bf7 Bf6 62. Bg8 Kd4 63. Bf7 Ke5 64. Bg8 Be7 65. Bf7 Bc5 66. Bg8 Kf6 67. Bc4 Kf5 68. Bd5 Kg5 69. Bg8 Kf6 70. Bc4 g6 71. Bg8 Bd6 72. Bc4 Kg7 73. Bd5 Kf6 74. Bc4 Bc5 75. Bd5 Kf5 76. Be4+ Kg5 77. Bd3 h5 78. Be4 Kf6 79. Bd3 Bd6 80. g4 h4 81. Bc4 g5 82. Bd5 Bf4 83. Bc4 Ke5 84. Bg8 Kd4 85. Bf7 Kd3 86. Be6 Kd2 87. Bd5 Ke1 88. Kg2 Ke2 89. Be6 Bd2 90. Bf7 Ke3 91. Bg8 Kd4 92. Bf7 Bf4 93. Bg8 Kc5 94. Bf7 b5 95. axb5 Kxb5 96. Bg8 Kc5 97. Bf7 Kb4 98. Bg8 Kc3 99. Bf7 Kd4 100. Bg8 Ke5 101. Bf7 Kf6 102. Bc4 Bc1 103. Bd5 Ke5 104. Bc4 Kd4 105. Bg8 Kc3 106. Bf7 Bf4 107. Bg8 Kd4 108. Bf7 Ke5 109. Bg8 Kf6 110. Bc4 Ke7 111. Bd5 Kd6 112. Bg8 Kc6 113. Bf7 Kc5 114. Bg8 Kb4 115. Bf7 a4 116. bxa4 Kxa4 117. Be6 Kb4 118. Bf5 Kc5 119. Be6 Kd6 120. Bf5 Ke5 121. Bb1 Bc1 122. Bf5 Kf4 123. Bb1 Bd2 124. Bf5 Bc3 125. Bc8 Bd4 126. Bd7 Bc5 127. Bc8 Bd4 128. Bd7 Ke5 129. Bc8 Be3 130. Bf5 Bf4 131. Bb1 Kd6 132. Bf5 Kc7 133. Bb1 Kb6 134. Bc2 Kc5 135. Bf5 Kb4 136. Bg6 Kc3 137. Bh5 Kd2 138. Bg6 Ke3 139. Bh5 Kd4 140. Bg6 Ke5 141. Bf5 Kf6 142. Bc2 Kg7 143. Bb1 Kf6 144. Bc2 Ke5 145. Bb1 1/2-1/2


[Site "https://www.chess.com"]